cohdb
Replays
Latest Replays
All Replays
Popular Replays
Top Player Replays
Match Explorer
How It Works
Community
CoH3 Stats
Reddit
Sign in to upload your games and track your stats! →
Sign in with Steam
Match 39005333
Unlisted
Match 39005333
Overview
Messages
Build Orders
End
250 Light Carrier
Selects Armored Support Battlegroup
Panzergrenadier Squad
Panzergrenadier Squad
Panzergrenadier Squad
Construct Light Support Kompanie
Selects Veteran Gunners
Fire Support Elements
Flakvierling Half-track
Panzergrenadier Squad
Combat Half-tracks
2.5-tonne Medical Truck
Pak 38 Anti-tank Gun Team
Construct Panzerarmee Kommand
Veteran Squad Leaders
Selects Salvage Kits
Selects Flammpanzer III Medium Tank
Amon Sapkowski
HOKAGE
BananaInPajamas
Bruistablet
0
0
Comments
sign in to comment!
No comments posted yet!